 Dungeon Crawl Stone Soup version 0.21.1-1-g345015fe64 (webtiles) character file.

90 PikkenKukken the Shield-Bearer (level 4, 0/37 HPs)
             Began as a Formicid Fighter on June 25, 2018.
             Slain by PikkenKukken's ghost (3 damage)
             ... on level 4 of the Dungeon.
             The game lasted 00:07:10 (2434 turns).

PikkenKukken the Shield-Bearer (Formicid Fighter)   Turns: 2434, Time: 00:07:11

Health: 0/37       AC:  8    Str: 27    XL:     4   Next: 85%
Magic:  4/4        EV:  8    Int:  7    God:
Gold:   99         SH: 11    Dex: 10    Spells: 3/3 levels left

rFire    . . .     SeeInvis +   a - +1 war axe
rCold    . . .     Gourm    .   c - +1 shield
rNeg     . . .     Faith    .   n - +0 scale mail
rPois    .         Spirit   .   (helmet unavailable)
rElec    .         Reflect  .   (no cloak)
rCorr    .         Harm     .   (no gloves)
MR       .....                  m - +0 pair of boots
Stlth    ..........             (no amulet)
HPRegen  0.12/turn              (no ring)
MPRegen  0.09/turn              (no ring)

@: mighty
A: permanent stasis, dig shafts and tunnels, four strong arms, antennae 3
a: Dig, Shaft Self


You were on level 4 of the Dungeon.
You were not hungry.

You visited 1 branch of the dungeon, and saw 4 of its levels.

You collected 99 gold pieces.

Inventory:

Hand Weapons
 a - a +1 war axe (weapon)
 b - a +0 shortbow
 k - a +2 hand axe of draining
Missiles
 i - 39 bolts
 l - 66 arrows
Armour
 c - a +1 shield (worn)
 m - a +0 pair of boots (worn)
 n - a +0 scale mail (worn)
Scrolls
 e - 2 scrolls of identify
 j - a scroll of enchant weapon
Comestibles
 f - 6 rations


   Skills:
 - Level 3.7 Fighting
 - Level 3.2 Axes
 + Level 0.0 Bows
 - Level 3.6 Armour
 - Level 0.2 Dodging
 - Level 4.6 Shields


You had 3 spell levels left.
You didn't know any spells.

Dungeon Overview and Level Annotations

Branches:
Dungeon (4/15)
 Temple: D:4-7

Altars:
Elyvilon

Annotations:
D:4 PikkenKukken's ghost, novice FoFi


Innate Abilities, Weirdness & Mutations

You cannot be hasted, slowed, berserked, paralysed or teleported.
You can dig through walls and to a lower floor.
Your four strong arms can wield two-handed weapons with a shield.
You have a pair of large antennae on your head. (SInv)


Message History

You block PikkenKukken's ghost's attack.
PikkenKukken's ghost barely misses you.
You barely miss PikkenKukken's ghost.
PikkenKukken's ghost is severely damaged.
PikkenKukken's ghost misses you.
You closely miss PikkenKukken's ghost.
PikkenKukken's ghost is severely damaged.
PikkenKukken's ghost hits you!
* * * LOW HITPOINT WARNING * * *
You feel better.
You block PikkenKukken's ghost's attack.
You closely miss PikkenKukken's ghost.
PikkenKukken's ghost is severely damaged.
PikkenKukken's ghost hits you!
* * * LOW HITPOINT WARNING * * *
You block PikkenKukken's ghost's attack.
You slash PikkenKukken's ghost!
PikkenKukken's ghost is almost destroyed.
PikkenKukken's ghost hits you.
You die...

................
.##(#.##.#..#.####
....#.##.#.......#
.......#.........#
.#..#.##...#.....
.#..#....##^##..#
....#+#..#.⌠.#..# #
#.....##.##..########
+...##..#..#.@.......
#... ##......#W...###
#.... ##.###.#.##....
...... #...#.#.# .##
##... ###.#.#.# #..
...#.# ###.# ..


You could see PikkenKukken's ghost.

Vanquished Creatures
  An adder (D:2)
  2 dart slugs (D:1)
  5 leopard geckos
  2 orcs (D:3)
  5 giant cockroaches
  7 goblins
  8 hobgoblins
  7 jackals
  6 kobolds
  A quokka (D:2)
  A ball python (D:3)
  9 bats
  4 frilled lizards
  9 rats
67 creatures vanquished.

Notes
Turn   | Place    | Note
-------+----------+-------------------------------------------
     0 | D:1      | PikkenKukken the Formicid Fighter began the quest for the Orb.
     0 | D:1      | Reached XP level 1. HP: 18/18 MP: 1/1
   230 | D:1      | Reached XP level 2. HP: 23/24 MP: 2/2
   238 | D:1      | Reached skill level 4 in Shields
   330 | D:1      | Reached XP level 3. HP: 30/30 MP: 3/3
   973 | D:2      | Found a white marble altar of Elyvilon.
  1230 | D:2      | Reached XP level 4. HP: 34/37 MP: 4/4
  1571 | D:3      | You fall through a shaft!
  2421 | D:4      | Noticed PikkenKukken's ghost (novice FoFi)
  2434 | D:4      | Slain by PikkenKukken's ghost

Skill      XL: |  1  2  3 |
---------------+----------+-----
Shields        | 4 |  4.6
Axes           | 3 |  3.2
Fighting       | |  3.7
Armour         | |  3.6
Dodging        | |  0.2

Action                   |  1- 3 |  4- 6 || total
-------------------------+-------+-------++-------
Melee: War axe           |   129 |   112 ||   241
  Use: Scroll            |     6 |     1 ||     7
       Potion            |     2 |     3 ||     5
  Eat: Chunk             |     1 |     4 ||     5
Armor: Scale mail        |    55 |    52 ||   107
Dodge: Dodged            |    54 |    48 ||   102
Block: Shield            |   108 |    77 ||   185
